 Dungeon Crawl Stone Soup version 0.29.1-15-g9cfb28693d (webtiles) character file.

Game seed: 4954445634730923922

90 styxcanada the Sneak (level 4, -2/23 HPs)
             Began as a Spriggan Brigand on Feb 28, 2023.
             Slain by Grinder (5 damage)
             ... on level 3 of the Dungeon.
             The game lasted 00:08:55 (2046 turns).

styxcanada the Sneak (Spriggan Brigand)             Turns: 2046, Time: 00:08:56

Health: -2/23      AC:  4    Str:  7    XL:     4   Next: 32%
Magic:  7/7        EV: 16    Int: 12    God:
Gold:   131        SH:  6    Dex: 18    Spells: 6/6 levels left

rFire   . . .      SeeInvis +   a - +3 dagger
rCold   . . .      Faith    .   g - +0 buckler
rNeg    . . .      Spirit   .   b - +0 robe
rPois   .          Reflect  .   (helmet restricted)
rElec   .          Harm     .   c - +1 cloak
rCorr   .          Rampage  .   (gloves unavailable)
Will    ++...                   (boots unavailable)
Stlth   ++++......              l - amulet of regeneration
HPRegen 0.87/turn               q - ring of wizardry
MPRegen 0.10/turn               k - ring of Suspected Treachery {Wiz *Slow Will++}

@: very quick
A: very small, no large weapons, unfitting armour, see invisible, speed 3
a: no special abilities


You were on level 3 of the Dungeon.
You visited 1 branch of the dungeon, and saw 3 of its levels.

You collected 131 gold pieces.

Inventory:

Hand Weapons
 a - a +3 dagger (weapon)
Missiles
 d - 8 poisoned darts (quivered)
 e - 3 curare-tipped darts
 j - 33 stones
 n - 2 datura-tipped darts
Armour
 b - a +0 robe (worn)
 c - a +1 cloak (worn)
 g - a +0 buckler (worn)
Jewellery
 k - the ring of Suspected Treachery (right hand) {Wiz *Slow Will++}
   (You found it on level 2 of the Dungeon)

   [ring of wizardry]

   It improves your spell success rate.
   *Slow:     It may slow you when you take damage.
   Will:      It greatly increases your willpower.
 l - an amulet of regeneration (around neck)
 q - a ring of wizardry (left hand)
 r - a ring of protection from cold
 u - an amulet of guardian spirit
Scrolls
 f - 2 scrolls of enchant weapon
 i - a scroll of immolation
 m - a scroll of identify
 s - a scroll of enchant armour
Potions
 h - a potion of mutation
 o - a potion of lignification
 p - a potion of brilliance
 t - 2 potions of flight


   Skills:
 * Level 2.2 Fighting
 + Level 2.5 Short Blades
 + Level 2.1 Throwing
 * Level 2.4 Dodging
 * Level 6.7 Stealth
 * Level 0.6 Shields
 * Level 1.5 Spellcasting


You had 6 spell levels left.
You didn't know any spells.
Your spell library contained the following spells:

 Spells                   Type           Power      Damage    Failure   Level
 Static Discharge         Conj/Air       0%         3-3/arc   24%         2
 Petrify                  Tmut/Erth      0%         N/A       80%         4
 Lightning Bolt           Conj/Air       0%         1d11      98%         5
 Metabolic Englaciation   Hex/Ice        0%         N/A       98%         5
 Statue Form              Tmut/Erth      0%         N/A       100%        6
 Maxwell's Capacitive Co  Air            0%         ∞         100%        8


Dungeon Overview and Level Annotations

Branches:
Dungeon (3/15)

Altars:
Ru

Shops:
D:3 =

Annotations:
D:3 Grinder


Innate Abilities, Weirdness & Mutations

You are very small and have problems with some larger weapons.
You are too small for most types of armour.
You have supernaturally acute eyesight. (SInv)
You cover ground extremely quickly. (Speed+++)


Message History

You hit Grinder but do no damage. Grinder misses you.
You hit Grinder but do no damage.
Grinder blinks!
The ball python bites you. The ball python misses you.
You closely miss the ball python. You block the ball python's attack.
The ball python misses you.
The ball python bites you but does no damage.
The ball python closely misses you.
You closely miss the ball python. You block the ball python's attack.
The ball python misses you.
You hit the ball python.
You kill the ball python!
You hit Grinder.
Grinder is lightly wounded.
Grinder gestures at you. You resist with almost no effort.
You hit Grinder.
Grinder is moderately wounded.
Grinder closely misses you.
You hit Grinder.
Grinder is moderately wounded.
Grinder hits you.
You writhe in agony.
You barely miss Grinder.
Grinder is moderately wounded.
Grinder hits you!
You hit Grinder but do no damage.
Grinder is moderately wounded.
Grinder blinks!
You see here a ball python corpse.
You hit Grinder.
Grinder is heavily wounded.
You block Grinder's attack.
You hit Grinder.
Grinder is heavily wounded.
You block Grinder's attack.
You hit Grinder but do no damage.
Grinder is heavily wounded.
Grinder hits you!
* * * LOW HITPOINT WARNING * * *
You writhe in agony.
You die...

##..# ##.# #########
#.# ........# #.##
........# #..##
!..$....# ##..#
...)....### ##.#
..........# #.#
#######.#.####.
#.### #.5@........
#...# #.##.#...<..
###.#####.##.#######
#.....>.##.#
######.###.# #.# #.#
#.# #.# #.. ..# ###


You could see Grinder.

Vanquished Creatures
  3 adders
  2 dart slugs (D:2)
  7 ball pythons
  8 endoplasms
  4 goblins
  4 hobgoblins
  7 kobolds
  4 quokkas
  4 bats (D:1)
  4 frilled lizards
  11 rats
58 creatures vanquished.

Notes
Turn   | Place    | Note
-------+----------+-------------------------------------------
     0 | D:1      | styxcanada the Spriggan Brigand began the quest for the
                  | Orb.
     0 | D:1      | Reached XP level 1. HP: 10/10 MP: 2/2
   107 | D:1      | Reached skill level 6 in Stealth
   268 | D:1      | Reached XP level 2. HP: 13/14 MP: 3/3
   862 | D:1      | Found a faded altar of an unknown god.
  1171 | D:2      | Reached XP level 3. HP: 18/18 MP: 4/4
  1232 | D:2      | Identified the ring of Suspected Treachery {Wiz *Slow
                  | Will++}
  1258 | D:2      | Identified the +1 ring mail of Xom's Felicitations {Rampage
                  | rPois}
  1405 | D:2      | Found a sacrificial altar of Ru.
  1484 | D:2      | Reached skill level 1 in Spellcasting
  1548 | D:2      | Reached XP level 4. HP: 23/23 MP: 7/7
  1849 | D:3      | Found Lovoames's Jewellery Shop.
  2023 | D:3      | Noticed Grinder
  2046 | D:3      | Slain by Grinder

Illustrated notes

Levels and vault maps discovered:
D:1:      dpeg_arrival_round_b, layout_loops_ring,
          hellmonk_ecumenical_altar_run_dry, minmay_heptomino_w4
D:2:      layout_rooms, basic_altar
D:3:      layout_basic, serial_shops, nicolae_shop_stone, chequers_arboretum,
          uniq_grinder

Skill      XL: |  1  2  3 |
---------------+----------+-----
Stealth        | 6 |  6.7
Dodging        | 2 |  2.4
Fighting       | 2 |  2.2
Spellcasting   | 1 |  1.5
Short Blades   | |  2.5
Throwing       | |  2.1
Shields        | |  0.6

Action                   |  1- 3 |  4- 6 || total
-------------------------+-------+-------++-------
Melee: Dagger            |   112 |    33 ||   145
Throw: Dart              |     6 |       ||     6
  Use: Scroll            |     8 |     4 ||    12
 Stab: Sleeping          |    13 |     6 ||    19
Armor: Robe              |    14 |     3 ||    17
Dodge: Dodged            |    56 |    11 ||    67
Block: Buckler           |    19 |     5 ||    24
